 Dungeon Crawl Stone Soup version 0.23.2-1-ga50397a (webtiles) character file.

Game seed: 12075199978346582560

3 Goblin1989 the Gusty (level 1, 0/13 HPs)
             Began as a Demonspawn Air Elementalist on Apr 23, 2019.
             Slain by a giant cockroach (1 damage)
             ... on level 1 of the Dungeon on Apr 26, 2019.
             The game lasted 00:00:43 (112 turns).

Goblin1989 the Gusty (Demonspawn Air Elementalist)   Turns: 112, Time: 00:00:44

Health: 0/13       AC:  2    Str:  8    XL:     1   Next: 41%
Magic:  0/3        EV: 12    Int: 16    God:
Gold:   0          SH:  0    Dex: 13    Spells: 3/4 levels left

rFire    . . .     SeeInvis .   (no weapon)
rCold    . . .     Gourm    .   (no shield)
rNeg     . . .     Faith    .   a - +0 robe
rPois    .         Spirit   .   (no helmet)
rElec    .         Reflect  .   (no cloak)
rCorr    .         Harm     .   (no gloves)
MR       .....                  (no boots)
Stlth    ++........             (no amulet)
HPRegen  0.04/turn              (no ring)
MPRegen  0.08/turn              (no ring)

@: no status effects
A: no striking features
a: no special abilities


You were on level 1 of the Dungeon.
You were not hungry.

You visited 1 branch of the dungeon, and saw 1 of its levels.

Inventory:

Armour
 a - a +0 robe (worn)
Potions
 f - a potion of brilliance {unknown}
Comestibles
 e - a ration


   Skills:
 - Level 1.7 Dodging
 - Level 1.7 Stealth
 + Level 2.0 Spellcasting
 * Level 1.2 Conjurations
 * Level 2.8 Air Magic


You had 3 spell levels left.
You knew the following spells:

 Your Spells              Type           Power        Failure   Level  Hunger
a - Shock                 Conj/Air       #...         9%          1    #......

Your spell library contained the following spells:

 Spells                   Type           Power        Failure   Level  Hunger
 Swiftness                Chrm/Air       #.......     19%         2    ###....
 Static Discharge         Conj/Air       #.......     26%         3    ###....
 Airstrike                Air            ##........   54%         4    #####..
 Lightning Bolt           Conj/Air       #.........   94%         5    ######.


Dungeon Overview and Level Annotations

Branches:
Dungeon (1/15)

Altars:


Message History

The hobgoblin is severely wounded.
A giant cockroach comes into view.
The hobgoblin hits you. The kobold hits you but does no damage.
You take 1 damage, and have 9/13 hp.
You hit the hobgoblin.
The hobgoblin is almost dead.
The hobgoblin closely misses you. The kobold closely misses you.
You barely miss the hobgoblin.
The hobgoblin is almost dead.
The hobgoblin barely misses you. The kobold closely misses you.
You closely miss the hobgoblin.
The hobgoblin is almost dead.
The hobgoblin barely misses you. The kobold completely misses you.
You hit the hobgoblin.
You kill the hobgoblin!
The kobold barely misses you.
You barely miss the kobold. The kobold barely misses you.
You barely miss the kobold. The kobold completely misses you.
You barely miss the kobold. The kobold barely misses you.
You hit the kobold.
The kobold is heavily wounded.
The kobold barely misses you.
You completely miss the kobold.
The kobold is heavily wounded.
The kobold barely misses you.
Casting: Shock (safe; 10% risk of failure)
Confirm with . or Enter, or press ? or * to list all spells.
Aiming: Shock (safe; 10% risk of failure)
Press: ? - help, Shift-Dir - straight line, f - kobold
Aim: a kobold (heavily wounded)
The zap misses the kobold.
The zap hits the giant cockroach.
The giant cockroach is heavily wounded.
The kobold hits you.
You take 3 damage, and have 6/13 hp.
MASSIVE DAMAGE!!
You now have 0/3 mp.
Casting: Shock (safe; 10% risk of failure)
Confirm with . or Enter, or press ? or * to list all spells.
You don't have enough magic to cast that spell.
Unknown command.
You closely miss the kobold.
The kobold is heavily wounded.
The kobold hits you.
* * * LOW HITPOINT WARNING * * *
You take 1 damage, and have 5/13 hp.
You hit the kobold but do no damage.
The kobold is heavily wounded.
The kobold closely misses you.
You hit the kobold but do no damage.
The kobold is heavily wounded.
The kobold hits you.
* * * LOW HITPOINT WARNING * * *
Your magical contamination has completely faded away.
You take 3 damage, and have 3/13 hp.
MASSIVE DAMAGE!!
You barely miss the kobold.
The kobold is heavily wounded.
The kobold misses you.
You closely miss the kobold.
The kobold is heavily wounded.
The kobold misses you.
You closely miss the kobold.
The kobold is heavily wounded.
The kobold hits you.
* * * LOW HITPOINT WARNING * * *
You take 2 damage, and have 1/13 hp.
You closely miss the kobold.
The kobold is heavily wounded.
The kobold closely misses you.
You closely miss the kobold.
The kobold is heavily wounded.
The kobold closely misses you.
Casting: Shock (safe; 10% risk of failure)
Confirm with . or Enter, or press ? or * to list all spells.
Aiming: Shock (safe; 10% risk of failure)
Press: ? - help, Shift-Dir - straight line, f/p - kobold
Aim: a kobold (heavily wounded)
The zap hits the kobold.
You kill the kobold!
The zap hits the giant cockroach.
The giant cockroach is severely wounded.
The giant cockroach barely misses you.
You now have 0/3 mp.
You hit the giant cockroach but do no damage.
The giant cockroach is severely wounded.
The giant cockroach bites you but does no damage.
You hit the giant cockroach but do no damage.
The giant cockroach is severely wounded.
The giant cockroach closely misses you.
You barely miss the giant cockroach.
The giant cockroach is severely wounded.
The giant cockroach barely misses you.
You closely miss the giant cockroach.
The giant cockroach is severely wounded.
The giant cockroach closely misses you.
You barely miss the giant cockroach.
The giant cockroach is severely wounded.
The giant cockroach bites you but does no damage.
The giant cockroach completely misses you.
You closely miss the giant cockroach.
The giant cockroach is severely wounded.
The giant cockroach bites you.
You die...

█....█.█.█
█.█....█...█
█.█.██.█...█
█.█.██.█...█
█.█.██.█...██████
█.█.█............
█$█.██████>.█████
████████.█...........█
......s@......████.█.█
████████.████.█ █.█.█
..... █.█ █.█ █
███.█.██.█ █.█
█.█.██.. █.█ █.█


████ .█ █.█ █.█ You could see a giant cockroach.

Vanquished Creatures
  A hobgoblin (D:1)
  A kobold (D:1)
  A frilled lizard (D:1)
3 creatures vanquished.

Notes
Turn   | Place    | Note
-------+----------+-------------------------------------------
     0 | D:1      | Goblin1989 the Demonspawn Air Elementalist began the quest
                  | for the Orb.
     0 | D:1      | Reached XP level 1. HP: 13/13 MP: 3/3
   112 | D:1      | Slain by a giant cockroach

Action                   || total
-------------------------++-------
Melee: Unarmed           ||    24
 Cast: Shock             ||     5
Armor: Robe              ||     4
Dodge: Dodged            ||    25

Levels and vault maps discovered:
D:1:      noname_arrival_rooms_in_the_neighbourhood, layout_basic,
          patterned_corridor
